 Dungeon Sprint DCSS version 0.21.1-1-g345015fe64 (webtiles) character file.

627 Groucho the Fighter (level 7, -1/50 HPs)
             Began as a Gargoyle Fighter on Apr 30, 2018.
             Was a Believer of Cheibriados.
             Splashed by an acid dragon's acid (12 damage)
             ... in the Dungeon (Sprint IX: "|||||||||||||||||||||||||||||").
             The game lasted 00:03:38 (393 turns).

Groucho the Fighter (Gargoyle Fighter)               Turns: 393, Time: 00:03:41

Health: -1/50      AC: 12    Str: 27    XL:     7   Next: 48%
Magic:  1/12       EV:  7    Int: 14    God:    Cheibriados [**....]
Gold:   0          SH: 12    Dex: 16    Spells: 6/6 levels left

rFire    . . .     SeeInvis .   o - +3 war axe (chop)
rCold    . . .     Gourm    .   c - +0 shield
rNeg     + . .     Faith    .   q - +1 chain mail
rPois    ∞         Spirit   .   (no helmet)
rElec    +         Reflect  .   p - +0 cloak
rCorr    .         Harm     .   (no gloves)
MR       .....     NoTele   +   (no boots)
Stlth    ..........             (no amulet)
HPRegen  0.16/turn              r - +2 ring of protection
MPRegen  0.13/turn              s - +3 ring of strength

@: corroded, very slow
A: negative energy resistance 1, electricity resistance, unbreathing,
petrification resistance, rot immunity, AC +4
a: Bend Time, Renounce Religion


You were in the Dungeon.
You worshipped Cheibriados.
Cheibriados was pleased with you.
You were not hungry.

You visited 1 branch

Inventory:

Hand Weapons
 a - a +0 war axe
 n - a +2 morningstar of crushing
 o - a +3 war axe of chopping (weapon)
Armour
 b - a +0 scale mail
 c - a +0 shield (worn)
 p - a +0 cloak (worn)
 q - a +1 chain mail (worn)
Jewellery
 r - a +2 ring of protection (left hand)
 s - a +3 ring of strength (right hand)
Wands
 m - a wand of acid (10)
Scrolls
 j - 3 scrolls of remove curse
 k - 2 scrolls of blinking
 l - 2 scrolls of amnesia
Potions
 e - 4 potions of curing
 g - a potion of heal wounds
 h - a potion of invisibility
 i - 4 potions of magic
Comestibles
 f - a ration


   Skills:
 + Level 8.6 Fighting
 + Level 6.8 Axes
 + Level 8.6 Armour
 + Level 8.6 Shields
 + Level 6.7 Invocations


You had 6 spell levels left.
You didn't know any spells.

Dungeon Overview and Level Annotations

Branches:
Dungeon (1/1)

Altars:
Cheibriados
Dithmenos
Elyvilon
Fedhas
Gozag
Hepliaklqana
Kikubaaqudgha
Makhleb
Nemelex Xobeh
Okawaru
Qazlal
Ru
Sif Muna
Trog
Uskayaw
Vehumet
Wu Jian
Xom
Yredelemnul
Zin
The Shining One
Beogh
Jiyva
Lugonu


Innate Abilities, Weirdness & Mutations

You are resistant to torment.
Your stone body is resilient. (AC +4)
You are immune to poison.
You resist negative energy. (rN+)
You are resistant to electric shocks. (rElec)
You can survive without breathing.
You are immune to petrification.
You are immune to rotting.


Message History

The crimson imp hits you but does no damage.
You hit the eye of draining.
You kill the eye of draining!
You hit the crimson imp but do no damage.
You block the crimson imp's attack. The acid dragon spits acid at you.
The splash of acid hits you! The acid corrodes you!
You are splashed with acid!
The acid burns!
The crimson imp blinks!
You block the acid dragon's attack. x2
The crimson imp blinks!
The acid dragon bites you! The acid dragon claws you.
You hit the acid dragon.
The acid dragon is lightly wounded.
You block the acid dragon's attack. x2
You hit the acid dragon but do no damage.
The acid dragon is lightly wounded.
The acid dragon spits acid at you. The splash of acid hits you!
* * * LOW HITPOINT WARNING * * *
The acid corrodes you!
You are splashed with acid!
The acid burns!
You die...

▓'▓
▓.▓
▓5▓
▓.▓
▓.▓
▓.▓
▓§▓
▓'▓
▓@▓
▓D▓
▓T▓
▓C▓
▓h▓
▓.▓
▓+▓


You could see a cyclops, a troll, an acid dragon, a hound and a crimson imp.

Vanquished Creatures
  A hippogriff (D)
  An orc warrior (D)
  An ice beast (D)
  A phantom (D)
  An eye of draining (D)
  A killer bee (D)
  A crimson imp (D)
  An adder skeleton (D)
  2 orcs (D)
  A bat skeleton (D)
  A giant cockroach (D)
  2 goblins (D)
  A quokka (D)
  2 kobolds (D)
17 creatures vanquished.

Notes
Turn   | Place    | Note
-------+----------+-------------------------------------------
     0 | D        | Groucho the Gargoyle Fighter began the quest for the Orb.
     0 | D        | Reached XP level 1. HP: 14/14 MP: 1/1
    33 | D        | Noticed a crimson imp
    37 | D        | Reached XP level 2. HP: 19/20 MP: 2/2
    47 | D        | Killed a crimson imp
    47 | D        | Reached skill level 5 in Fighting
    47 | D        | Reached skill level 5 in Armour
    47 | D        | Reached skill level 5 in Shields
    47 | D        | Reached XP level 3. HP: 26/26 MP: 3/3
    58 | D        | Found a roughly hewn altar of Beogh.
    58 | D        | Found a snail-covered altar of Cheibriados.
    58 | D        | Found a shadowy altar of Dithmenos.
    58 | D        | Found a white marble altar of Elyvilon.
    58 | D        | Found a blossoming altar of Fedhas.
    58 | D        | Found an opulent altar of Gozag.
    59 | D        | Found a hazy altar of Hepliaklqana.
    60 | D        | Found a viscous altar of Jiyva.
    61 | D        | Found an ancient bone altar of Kikubaaqudgha.
    62 | D        | Found a corrupted altar of Lugonu.
    63 | D        | Found a burning altar of Makhleb.
    64 | D        | Found a sparkling altar of Nemelex Xobeh.
    68 | D        | Became a worshipper of Cheibriados the Contemplative
    72 | D        | Found an iron altar of Okawaru.
    73 | D        | Found a stormy altar of Qazlal.
    74 | D        | Found a sacrificial altar of Ru.
    75 | D        | Found a deep blue altar of Sif Muna.
    76 | D        | Found a bloodstained altar of Trog.
    77 | D        | Found a hide-covered altar of Uskayaw.
    78 | D        | Found a radiant altar of Vehumet.
    79 | D        | Found an ornate altar of the Wu Jian Council.
    80 | D        | Found a shimmering altar of Xom.
    81 | D        | Found a basalt altar of Yredelemnul.
    82 | D        | Found a glowing silver altar of Zin.
    83 | D        | Found a glowing golden altar of the Shining One.
   127 | D        | Noticed a hippogriff
   127 | D        | Noticed an orc warrior
   127 | D        | Noticed a phantom
   127 | D        | Noticed an ice beast
   127 | D        | Noticed a killer bee
   134 | D        | Killed a hippogriff
   134 | D        | Reached skill level 5 in Axes
   134 | D        | Reached XP level 4. HP: 15/32 MP: 3/7
   134 | D        | Reached XP level 5. HP: 18/37 MP: 3/8
   134 | D        | HP: 1/37 [orc warrior/glaive (17)]
   142 | D        | Killed a phantom
   142 | D        | Reached * piety under Cheibriados
   142 | D        | Reached skill level 5 in Invocations
   142 | D        | Reached XP level 6. HP: 38/44 MP: 4/9
   146 | D        | Killed an orc warrior
   150 | D        | Killed an ice beast
   150 | D        | Reached ** piety under Cheibriados
   150 | D        | Reached XP level 7. HP: 13/49 MP: 5/11
   381 | D        | Noticed a troll
   381 | D        | Noticed a cyclops
   393 | D        | Splashed by an acid dragon's acid

Skill      XL: |  1  2  3  4  5  6 |
---------------+-------------------+-----
Axes           | 2 3 5 6 |  6.8
Armour         | 5 6 7 8 |  8.6
Fighting       | 5 6 7 8 |  8.6
Shields        | 5 6 7 8 |  8.6
Invocations    | 4 5 6 |  6.7

Action                   |  1- 3 |  4- 6 |  7- 9 || total
-------------------------+-------+-------+-------++-------
Melee: War axe           |    39 |    12 |    11 ||    62
  Use: Potion            |     4 |     2 |       ||     6
Armor: Scale mail        |    18 |       |       ||    18
       Chain mail        |    10 |     4 |     3 ||    17
Dodge: Dodged            |    13 |     3 |     1 ||    17
Block: Shield            |    30 |     9 |     8 ||    47
